Lleo, chaotic male elven Ranger --- .. ---.-- ---..... |......)-- |.....).)| - |.....| ---...-- --.).| --.G.-------- |.GG...^-|%.---- |..G..^..|.....---- |-.hh----..>......-- |).@.| ---........| --s--- ----.....| -- ---.--- --- Lleo the Trailblazer Experience level: 6 Strength: 12 Dexterity: 10 Constitution: 16 Intelligence: 13 Wisdom: 16 Charisma: 7 Health: 0(43) Energy: 41(41) Def: 11 Gold: 252 Moves: 3701 Dungeon seed: mobP9wyI2Z5xLgqG Game ID: Lleo_1515005458 Your Inventory: Coins $ - 252 gold pieces Weapons a - the +1 Sting (weapon in hand) b - a +1 elven bow (alternate weapon; not wielded) c - 6 +2 elven arrows (in quiver) d - 36 +0 elven arrows y - 3 blessed +0 arrows H - 7 +1 arrows Armor e - an uncursed +2 elven cloak (being worn) r - an uncursed +0 pair of iron shoes (being worn) Y - an uncursed +0 dwarvish mithril-coat (being worn) Comestibles f - 2 uncursed lembas wafers t - an uncursed lichen corpse E - 2 uncursed food rations Scrolls A - a cursed scroll of blank paper B - 2 uncursed scrolls of blank paper L - an uncursed scroll of magic mapping Potions G - an uncursed potion of oil Rings h - an uncursed ring of see invisible (on left hand) Wands J - a wand of striking (0:4) K - a wand of make invisible (0:3) Tools p - an uncursed skeleton key C - an uncursed pair of lenses (being worn) D - 2 uncursed tallow candles (0:200) Gems n - an uncursed chrysoberyl stone z - an uncursed luckstone N - an uncursed amethyst stone Spells and supernatural/magical abilities: Name Level Category Fail Memory W - pray for help -- divine ? -- Your skills at the end: Fighting Skills Weapon Skills dagger [Basic] bow [Basic] Spellcasting Skills Final Attributes: You were piously aligned. You were sleep resistant. You saw invisible. You were telepathic. You were aware of the presence of orcs. You had automatic searching. You had infravision. You were stealthy. You were lucky. You had extra luck. Bad luck did not time out for you. Good luck did not time out for you. You are dead. Vanquished creatures: a gnome king a human zombie 5 gnome lords 4 gnomish wizards a ghoul a paper golem 2 giant ants 2 floating eyes 9 dwarves a giant bat an orc zombie 3 iguanas a coyote a hobbit a large kobold 29 gnomes 3 garter snakes 5 jackals 2 goblins 2 sewer rats 8 grid bugs 2 lichens 7 newts 92 creatures vanquished. Voluntary challenges: You used a wielded weapon 110 times, starting on turn 1. You read items or engraved 5 times, starting on turn 1554. You never genocided any monsters. You never polymorphed an object. You never changed form. You used no wishes. You never split a pudding. You wrote Elbereth's name 1 time, starting on turn 3695. You never violated your personal moral code. Dungeon overview: The Dungeons of Doom: levels 1 to 4 Level 1 a fountain a long staircase Level 2 an armor shop Level 3 a general store, a fountain Level 4 a fountain stairs to The Gnomish Mines The Gnomish Mines: levels 5 to 11 Level 5 stairs to The Dungeons of Doom Level 6 Level 7 a hardware shop, a temple to Mars, some fountains Level 8 Level 9 <- You were here Level 10 Level 11 History has recorded: On T:1 you entered the Dungeons of Doom to retrieve the Amulet of Yendor! On T:510 you reached level 2 of The Dungeons of Doom. On T:843 you advanced to experience level 2. On T:1036 you reached level 3 of The Dungeons of Doom. On T:1039 you advanced to experience level 3. On T:1564 you reached level 4 of The Dungeons of Doom. On T:1838 you advanced to experience level 4. On T:2009 you reached level 1 of The Gnomish Mines. On T:2110 you advanced to experience level 5. On T:2517 you reached level 2 of The Gnomish Mines. On T:2753 you reached level 4 of The Gnomish Mines. On T:2774 you reached level 3 of The Gnomish Mines. On T:2776 you advanced to experience level 6. On T:3405 you reached level 7 of The Gnomish Mines. On T:3430 you reached level 6 of The Gnomish Mines. On T:3504 you reached level 5 of The Gnomish Mines. Score breakdown: Gold: 252 ( 8174 points) Experience: 6 levels (12456 points) Exploration: 11 levels ( 22.92%) (13837 points) Discoveries: 13 items ( 4.48%) ( 6351 points) Valuables value: (no points given unless you survive) Artifact value: 800 ( 9877 points) Variety of kills: 23 monsters ( 6.04%) ( 7370 points) Turncount: 3701 turns ( -910 points) Survival: died (score multiplied by 80%) Total score: 45724 Latest messages: The dwarf hits! You write in the dust with your fingers. The dwarf turns to flee! The dwarf picks up 3 +2 elven arrows. The gnome turns to flee! The giant spider turns to flee! The dwarf turns to flee! The elven arrow hits the giant spider. The elven arrow misses the giant spider. You add to the writing in the dust with your fingers. The elven arrow hits the gnome. The dwarf thrusts her broad short sword. The dwarf hits! The giant spider bites! The elven arrow misses the gnome. The dwarf picks up 2 +2 elven arrows. The giant spider bites! You die... Final status: Goodbye Lleo the Ranger, killed by a giant spider... You died in The Gnomish Mines on dungeon level 9 with 45724 points, and 252 pieces of gold, after 3701 moves. You were level 6 with a maximum of 43 hit points when you died.